 Dungeon Crawl Stone Soup version 0.24.0-13-gcf9b319 (webtiles) character file.

Game seed: 4997217429533806139, levelgen mode: deterministic

2496 EndlessMike the Carver (level 9, -4/48 HPs)
             Began as a Vampire Skald on Apr 5, 2020.
             Was a Believer of Wu Jian.
             Slain by a wyvern (12 damage)
             ... on level 7 of the Dungeon.
             The game lasted 00:23:45 (8056 turns).

EndlessMike the Carver (Vampire Skald)              Turns: 8056, Time: 00:23:46

Health: -4/48      AC:  7    Str: 11 (12) XL:     9   Next: 28%
Magic:  8/12       EV: 25    Int: 17 (18) God:    Wu Jian [**....]
Gold:   382        SH:  0    Dex: 19      Spells: 3/12 levels left

rFire    . . .     SeeInvis +   a - +0 falchion
rCold    + + .     Gourm    .   (no shield)
rNeg     + + +     Faith    .   r - +0 robe (curse)
rPois    ∞         Spirit   .   m - +0 helmet
rElec    .         Reflect  .   (no cloak)
rCorr    .         Harm     .   o - +0 pair of gloves
MR       .....                  d - +2 pair of boots
Stlth    +++++.....             (no amulet)
HPRegen  0.00/turn              c - +2 ring of evasion
MPRegen  0.13/turn              b - +2 ring of intelligence

@: agile, bloodless, regenerating quickly
A: no food, fangs 3, see invisible, unbreathing
a: Bat Form, Revivify, Wall Jump, Renounce Religion


You were on level 7 of the Dungeon.
You worshipped Wu Jian.
Wu Jian was pleased with you.
You were bloodless.

You visited 1 branch of the dungeon, and saw 7 of its levels.

You collected 382 gold pieces.

Inventory:

Hand Weapons
 a - a +0 falchion (weapon)
Missiles
 v - 5 poisoned darts
 D - 5 datura-tipped darts (quivered)
Armour
 d - a +2 pair of boots (worn)
 j - a +0 pair of boots
 m - a +0 helmet (worn)
 o - a +0 pair of gloves (worn)
 r - a cursed +0 robe (worn)
Jewellery
 b - a +2 ring of intelligence (right hand)
 c - a +2 ring of evasion (left hand)
 x - an uncursed ring of ice
Wands
 e - a wand of iceblast (4)
 A - a wand of paralysis (3)
 C - a wand of random effects (16)
Scrolls
 f - 3 scrolls of remove curse {unknown}
 g - a scroll of magic mapping
 i - 2 scrolls of noise
 k - 2 scrolls of enchant armour
 l - 3 scrolls of teleportation
 n - 3 scrolls of amnesia {unknown}
 w - a scroll of fog {unknown}
 y - a scroll of enchant weapon
Potions
 h - a potion of berserk rage
 p - a potion of haste
 q - a potion of degeneration {unknown}
 s - a potion of curing
 t - a potion of brilliance
 u - a potion of agility
 z - a potion of lignification {unknown}
 B - a potion of might {unknown}


   Skills:
 - Level 1.7 Fighting
 + Level 10.0 Long Blades
 - Level 0.7 Armour
 + Level 8.0 Dodging
 - Level 2.0 Spellcasting
 - Level 5.0 Charms


You had 3 spell levels left.
You knew the following spells:

 Your Spells              Type           Power        Failure   Level  Hunger
i - Shroud of Golubria    Chrm/Tloc      ##....       11%         2    N/A
o - Regeneration          Chrm/Necr      ##........   21%         3    N/A
p - Spectral Weapon       Hex/Chrm       ##......     21%         3    N/A
u - Infusion              Chrm           ###.         2%          1    N/A

Your spell library contained the following spells:

 Spells                   Type           Power        Failure   Level  Hunger
 Song of Slaying          Chrm           ###.....     3%          2    N/A
 Confusing Touch          Hex            #.....       19%         1    N/A
 Confuse                  Hex            #.......     50%         3    N/A
 Gell's Gravitas          Tloc           #.........   50%         3    N/A
 Petrify                  Tmut/Erth      #.......     88%         4    N/A
 Metabolic Englaciation   Hex/Ice        #.........   99%         5    N/A
 Yara's Violent Unravell  Hex/Tmut       #.........   99%         5    N/A

Dungeon Overview and Level Annotations

Branches:
Dungeon (7/15)             Temple (0/1) D:4

Altars:
Ashenzari
Qazlal
Ru
Sif Muna
Wu Jian

Shops:
D:5 [


Innate Abilities, Weirdness & Mutations

You do not eat.
You do not regenerate when monsters are visible.
You are frail without blood (-20% HP).
You can heal yourself when you bite living creatures.
You are immune to poison.
You have razor-sharp teeth.
You have supernaturally acute eyesight. (SInv)
You can survive without breathing.


Message History

You hit the wyvern.
The wyvern is heavily wounded.
Your spectral weapon closely misses the wyvern.
The wyvern barely misses you.
You hit the wyvern.
The wyvern is severely wounded.
Your spectral weapon hits the wyvern.
The wyvern bites you!
* * * LOW HITPOINT WARNING * * *
Okay, then.
Okay, then.
The wyvern bites you.
* * * LOW HITPOINT WARNING * * *
It was a potion of curing.
You feel better. The wyvern bites you.
* * * LOW HITPOINT WARNING * * *
Okay, then.
Okay, then.
It was a potion of agility.
You feel agile all of a sudden. The wyvern closely misses you.
The wyvern bites you!
You die...

## .# ### .########.##
### ...........######?.
.######.........#.# .#
##...####.#.# ### ##.##
#.#.# ### ## ..#
#######.#.#########.# ##.
..# ........@l.((.....#.#
#.. ..#
.######..(.######.#.###..
..###### ##...# #.#.##...
........
###.#.######.#.#.#..
..######
..###).)..........# ..#
#.##.#.###.##.#.#.### ..#
#......# #.##.#.##..
..#### ##..###.# #.##...#
### ...... ..... #.#
#.######


You could see a wyvern and a friendly spectral +0 falchion.

Vanquished Creatures
  A hippogriff (D:7)
  A hungry ghost (D:7)
  3 ice beasts
  3 ogres
  A phantom (D:6)
  A centaur (D:6)
  3 bullfrogs
  3 scorpions
  4 killer bees (D:7)
  3 crimson imps
  3 jellies
  2 bullfrog zombies
  4 hounds
  2 orc priests
  6 orc wizards
  4 worker ants
  A hound skeleton (D:6)
  Robin (D:2)
  6 gnolls
  A howler monkey skeleton (D:6)
  7 adders
  2 shadow imps
  3 oozes
  An adder zombie (D:5)
  5 worms
  4 leopard geckos
  16 orcs
  A ball python (D:2)
  3 giant cockroaches
  17 goblins
  8 hobgoblins
  2 jackals (D:4)
  4 kobolds
  2 quokkas
  6 bats
  6 frilled lizards
  4 rats
144 creatures vanquished.

Vanquished Creatures (others)
  6 spectral weapons
6 creatures vanquished.

Grand Total: 150 creatures vanquished

Notes
Turn   | Place    | Note
-------+----------+-------------------------------------------
     0 | D:1      | EndlessMike the Vampire Skald began the quest for the Orb.
     0 | D:1      | Reached XP level 1. HP: 16/16 MP: 3/3
   174 | D:1      | Reached XP level 2. HP: 22/22 MP: 5/5
   198 | D:1      | Reached skill level 3 in Long Blades
   523 | D:2      | Reached XP level 3. HP: 19/21 MP: 6/6
   527 | D:2      | Learned a level 2 spell: Shroud of Golubria
   728 | D:2      | Found a sacrificial altar of Ru.
   739 | D:2      | Reached skill level 4 in Long Blades
  1487 | D:2      | Reached XP level 4. HP: 23/23 MP: 0/7
  1643 | D:2      | Noticed Robin
  1841 | D:2      | Killed Robin
  2352 | D:2      | Reached skill level 5 in Long Blades
  2622 | D:3      | Reached XP level 5. HP: 23/26 MP: 8/8
  2752 | D:3      | Found a stormy altar of Qazlal.
  3070 | D:3      | Found an ornate altar of the Wu Jian Council.
  3104 | D:3      | Became a worshipper of the Wu Jian Council
  3237 | D:4      | Noticed an ogre
  3252 | D:4      | Noticed an ogre
  3256 | D:5      | Entered Level 5 of the Dungeon
  3294 | D:5      | Found Kaesmed's Armour Emporium.
  3371 | D:4      | Learned a level 3 spell: Spectral Weapon
  3401 | D:4      | Reached skill level 6 in Long Blades
  3401 | D:4      | Reached XP level 6. HP: 27/30 MP: 4/9
  3992 | D:4      | Learned a level 3 spell: Regeneration
  4188 | D:4      | Reached * piety under Wu Jian
  4544 | D:4      | Found a staircase to the Ecumenical Temple.
  4586 | D:4      | Reached skill level 7 in Long Blades
  4586 | D:4      | Reached skill level 5 in Charms
  4586 | D:4      | Reached XP level 7. HP: 28/39 MP: 6/10
  5237 | D:5      | Found a shimmering blue altar of Sif Muna.
  5248 | D:5      | Reached skill level 8 in Long Blades
  5886 | D:6      | Reached XP level 8. HP: 40/49 MP: 1/11
  6697 | D:6      | Reached skill level 9 in Long Blades
  6697 | D:6      | Reached skill level 5 in Dodging
  7254 | D:7      | Reached XP level 9. HP: 34/48 MP: 12/12
  7278 | D:7      | Reached ** piety under Wu Jian
  7853 | D:7      | Reached skill level 10 in Long Blades
  8009 | D:7      | Found a shattered altar of Ashenzari.
  8056 | D:7      | Slain by a wyvern

Levels and vault maps discovered:
D:1:      lemuel_arrival_lava_pool, layout_rooms, minmay_pentomino_t2
D:2:      layout_basic, nicolae_ru_sacrificial_ziggurat, uniq_robin
D:3:      layout_loops_ring, lemuel_round_altar, grunt_qazlal_sundering
D:4:      layout_loops_corners, minmay_temple_entry_antechambers, first_ration,
          corexii_corridor_pit
D:5:      layout_layer_cave, kennysheep_little_box, serial_shops, shop
D:6:      layout_basic
D:7:      layout_loops_ring, lemuel_crystal_altar, ebering_ghost_rock_garden,
          hangedman_decor_riveting, grunt_ogre_cave,
          chequers_serial_rivers_small_b, corexii_mini_fake_secret_closet

Skill      XL: |  1  2  3  4  5  6  7  8  9 |
---------------+----------------------------+-----
Long Blades    | 3 4 5 6 7 8 9 10 | 10.0
Charms         | 4 5 |  5.0
Dodging        | 3 7 8 |  8.0
Fighting       | |  1.7
Armour         | |  0.7
Spellcasting   | |  2.0

Action                   |  1- 3 |  4- 6 |  7- 9 || total
-------------------------+-------+-------+-------++-------
Melee: Falchion          |   109 |   200 |   279 ||   588
       Bite              |    17 |    17 |    21 ||    55
Throw: Throwing net      |       |     1 |       ||     1
       Dart              |       |       |    18 ||    18
 Cast: Infusion          |     5 |     9 |    10 ||    24
       Shroud of Golubri |       |     5 |     6 ||    11
       Spectral Weapon   |       |     4 |    11 ||    15
Invok: Lunge             |       |     5 |     5 ||    10
 Abil: Exsanguinate      |     2 |       |     1 ||     3
       Revivify          |     1 |       |     1 ||     2
       Bat Form          |       |       |     2 ||     2
       End Transformatio |       |       |     1 ||     1
Evoke: Wand              |       |       |    12 ||    12
  Use: Scroll            |       |     5 |     6 ||    11
       Potion            |       |       |     3 ||     3
 Stab: Distracted        |     2 |     1 |       ||     3
       Sleeping          |     1 |    12 |     3 ||    16
       Paralysed         |       |       |     2 ||     2
Armor: Leather armour    |    24 |    20 |       ||    44
       Robe              |       |    16 |    40 ||    56
Dodge: Dodged            |    93 |   126 |   204 ||   423
Block: Buckler           |       |       |     6 ||     6
       Rpst.: Falchion   |    30 |    42 |    62 ||   134
